 Dungeon Crawl Stone Soup version 0.28.0-53-g5a82cb258f (webtiles) character file.

Game seed: 109304242455260309

5025 Elmgren the Cleaver (level 10, -3/81 HPs)
             Began as a Minotaur Berserker on July 27, 2022.
             Was a High Priest of Trog.
             Slain by a vault guard
             ... wielding a +0 broad axe
              (23 damage)
             ... in a bailey.
             The game lasted 00:37:48 (8844 turns).

Elmgren the Cleaver (Minotaur Berserker)            Turns: 8844, Time: 00:37:49

Health: -3/81      AC: 17    Str: 25    XL:     10   Next: 30%
Magic:  9/9        EV:  9    Int:  4    God:    Trog [*****.]
Gold:   228        SH:  0    Dex: 11    Spells: 9/9 levels left

rFire   . . .      SeeInvis .   y - +6 hand axe (protect)
rCold   . . .      Faith    .   (no shield)
rNeg    . . .      Spirit   .   p - +0 plate armour
rPois   .          Reflect  .   (helmet restricted)
rElec   .          Harm     .   (no cloak)
rCorr   .          Rampage  .   k - +0 pair of gloves
Will    .....                   (no boots)
Stlth   ..........              z - amulet of regeneration
HPRegen 1.03/turn               (no ring)
MPRegen 0.11/turn               (no ring)

@: on berserk cooldown, slowed, invisible, very slow
A: horns 2, retaliatory headbutt
a: Renounce Religion, Berserk, Trog's Hand, Brothers in Arms


You were in a bailey.
You worshipped Trog.
Trog was extremely pleased with you.
You visited 1 branch of the dungeon, and saw 8 of its levels.
You also visited: Bailey.

You collected 266 gold pieces.
You spent 38 gold pieces at shops.

Inventory:

Hand Weapons
 y - a +6 hand axe of protection (weapon)
Armour
 k - a +0 pair of gloves (worn)
 p - a +0 plate armour (worn)
Jewellery
 z - an amulet of regeneration (around neck)
Wands
 s - a wand of flame (29)
Scrolls
 e - a scroll of blinking
 f - 5 scrolls of vulnerability
 l - 2 scrolls of magic mapping
 t - a scroll of teleportation
 v - a scroll of brand weapon
 x - 2 scrolls of identify
Potions
 a - 2 potions of attraction
 b - a potion of ambrosia
 c - 3 potions of curing
 d - a potion of resistance
 h - a potion of haste
 i - 2 potions of mutation {unknown}
 j - 2 potions of lignification
 o - 2 potions of heal wounds {unknown}
 q - a potion of experience {unknown}
 r - a potion of might {unknown}
 u - a potion of brilliance {unknown}
 w - 2 potions of flight {unknown}


   Skills:
 - Level 5.2 Fighting
 + Level 12.8 Axes
 + Level 12.5 Armour
 - Level 4.0 Dodging


You had 9 spell levels left.
You didn't know any spells.
Your spell library contained the following spells:

 Spells                   Type           Power      Damage    Failure   Level
 Conjure Flame            Conj/Fire      0%         6-21      100%        3
 Ignite Poison            Fire/Tmut/Pois 0%         N/A       100%        3
 Inner Flame              Hex/Fire       0%         N/A       100%        3
 Cause Fear               Hex            0%         N/A       100%        4
 Sticky Flame             Conj/Fire      0%         2d3       100%        4
 Discord                  Hex            0%         N/A       100%        8


Dungeon Overview and Level Annotations

Branches:
Dungeon (8/15)             Temple (0/1) D:5          Bailey (1/1)
   Lair: D:8-11

Altars:
Kikubaaqudgha
Nemelex Xobeh
Ru
Trog
Wu Jian
Yredelemnul

Shops:
D:5 *?(?(

Annotations:
Bailey Prince Ribbit


Innate Abilities, Weirdness & Mutations

You have a pair of horns on your head.
You reflexively headbutt those who attack you in melee.


Message History

The vault guard hits you with a +0 broad axe!
You hit the vault guard but do no damage.
The vault guard is heavily wounded.
The vault guard hits you but does no damage.
You hit the vault guard but do no damage.
The vault guard is heavily wounded.
Prince Ribbit hits you but does no damage.
The vault guard hits you with a +0 broad axe!
You hit the vault guard but do no damage.
The vault guard is heavily wounded.
You closely miss Prince Ribbit.
Prince Ribbit hits you but does no damage.
The vault guard hits you with a +0 broad axe.
You slash Prince Ribbit! Your headbutt misses Prince Ribbit.
Prince Ribbit is moderately wounded.
You barely miss the vault guard.
Prince Ribbit hits you but does no damage.
The vault guard hits you with a +0 broad axe!
You hit the vault guard.
You headbutt the vault guard, but do no damage.
The vault guard is heavily wounded.
You slash Prince Ribbit!
Prince Ribbit blinks!
The vault guard hits you with a +0 broad axe.
The vault guard hits you but does no damage.
Prince Ribbit hits you but does no damage.
The vault guard hits you with a +0 broad axe!
* * * LOW HITPOINT WARNING * * *
Prince Ribbit barely misses you.
The vault guard hits you but does no damage.
Things that are here:
a +0 hand axe; a +0 leather armour; a gnoll corpse Prince Ribbit hits you!
* * * LOW HITPOINT WARNING * * *
You feel better. Prince Ribbit misses you.
The vault guard hits you but does no damage.
Prince Ribbit hits you but does no damage.
You fade into invisibility!
Prince Ribbit hits you but does no damage.
The vault guard hits you with a +0 broad axe!!
You die...

##≈# .. #≈#
##≈≈≈##'##≈≈≈#
#≈≈≈.......≈≈≈
##≈≈≈..........
#≈≈≈≈..≈.≈.≈≈≈
#≈≈≈≈≈≈.≈≈≈≈#
#≈≈≈≈....≈≈#
#≈≈≈≈.@..≈≈#
#≈≈≈≈.pF≈≈##
##≈≈≈≈..≈≈#
#≈≈≈≈≈.≈≈#
##≈##≈.≈≈##
####≈))≈≈#
+..#≈.†)≈#
##..###'###
#...#...†.#


You could see a vault guard and Prince Ribbit.

Vanquished Creatures
  Maggie (D:6)
  6 humans (Bailey)
  A steam dragon (D:7)
  Menkaure (D:6)
  Edmund (D:5)
  2 sky beasts (D:5)
  5 orc warriors
  A hornet zombie (D:8)
  An ogre (D:5)
  An ice beast (D:6)
  A centaur (D:7)
  2 phantoms
  A kobold brigand (D:7)
  10 bullfrogs (Bailey)
  A gnoll sergeant (D:8)
  A scorpion (D:5)
  2 water moccasin skeletons
  9 wights
  3 bullfrog zombies
  A jelly (D:4)
  A gnoll shaman (D:6)
  2 hounds
  3 orc priests
  4 iguanas
  3 bullfrog skeletons
  10 orc wizards
  13 gnolls
  A howler monkey skeleton (D:3)
  5 adders
  3 white imps
  2 ufetubi (D:5)
  An adder skeleton (D:4)
  3 worms (D:3)
  2 dart slugs
  27 orcs
  6 bats
  7 endoplasms
  4 giant cockroaches
  10 goblins
  9 hobgoblins
  7 quokkas
  5 ball pythons
  2 frilled lizards (D:1)
  A jackal skeleton (D:4)
  12 kobolds
  4 rats
198 creatures vanquished.

Vanquished Creatures (others)
  An orc wizard (D:5)
  5 plants (D:2)
6 creatures vanquished.

Grand Total: 204 creatures vanquished

Notes
Turn   | Place    | Note
-------+----------+-------------------------------------------
     0 | D:1      | Elmgren the Minotaur Berserker began the quest for the Orb.
     0 | D:1      | Reached XP level 1. HP: 19/19 MP: 0/0
   176 | D:1      | Reached XP level 2. HP: 23/27 MP: 1/1
   874 | D:2      | Reached XP level 3. HP: 29/33 MP: 2/2
   880 | D:2      | Reached ** piety under Trog
  1263 | D:2      | Found an ancient bone altar of Kikubaaqudgha.
  1510 | D:2      | Found a faded altar of an unknown god.
  1826 | D:3      | Found an ornate altar of the Wu Jian Council.
  1941 | D:3      | Reached XP level 4. HP: 38/40 MP: 3/3
  2003 | D:3      | Found a sparkling altar of Nemelex Xobeh.
  2047 | D:3      | Noticed a phantom
  2068 | D:3      | Killed a phantom
  2069 | D:3      | Reached XP level 5. HP: 47/47 MP: 4/4
  2210 | D:3      | Reached skill level 5 in Fighting
  2210 | D:3      | Reached skill level 5 in Axes
  2259 | D:3      | Reached XP level 6. HP: 56/56 MP: 5/5
  2426 | D:3      | Found a bloodstained altar of Trog.
  2603 | D:3      | Found a sacrificial altar of Ru.
  2929 | D:4      | Found a basalt altar of Yredelemnul.
  3077 | D:4      | Reached *** piety under Trog
  3483 | D:5      | Entered Level 5 of the Dungeon
  3483 | D:5      | Found Ahiot's Magic Scroll Shop.
  3492 | D:5      | Found Duqoalu's Weapon Shoppe.
  3497 | D:5      | Bought a +0 war axe for 38 gold pieces
  3551 | D:5      | Reached skill level 5 in Armour
  3571 | D:5      | Found a staircase to the Ecumenical Temple.
  3724 | D:5      | Reached XP level 7. HP: 61/61 MP: 6/6
  3741 | D:5      | Found Abitiost's Assorted Antiques.
  3942 | D:5      | Found Naaph's Magic Scroll Boutique.
  4158 | D:5      | Found Canuff's Antique Weapon Emporium.
  4458 | D:5      | Noticed Edmund
  4466 | D:5      | Killed Edmund
  4467 | D:5      | Reached XP level 8. HP: 68/68 MP: 7/7
  4797 | D:6      | Noticed Maggie
  4809 | D:6      | Killed Maggie
  5113 | D:6      | Reached **** piety under Trog
  5304 | D:6      | Noticed Menkaure
  5317 | D:6      | Killed Menkaure
  5493 | D:6      | Reached XP level 9. HP: 56/74 MP: 8/8
  5834 | D:6      | Reached skill level 10 in Axes
  6675 | D:7      | Reached skill level 10 in Armour
  8673 | D:8      | Found a flagged portal.
  8685 | Bailey   | Entered a bailey
  8707 | Bailey   | Reached ***** piety under Trog
  8722 | Bailey   | Reached XP level 10. HP: 58/81 MP: 9/9
  8807 | Bailey   | Noticed Prince Ribbit
  8811 | Bailey   | Noticed a vault guard
  8844 | Bailey   | Slain by a vault guard

Illustrated notes

Levels and vault maps discovered:
D:1:      saegor_arrival_simple_d, layout_rooms
D:2:      layout_basic, basic_altar, shapermc_ecumenical_altar_mp_ritualfount,
          minmay_misc_feat_x, serial_bayou_pond_c
D:3:      layout_loops_ring, nemelex_diamond_rough_becter, trog_butcher_becter,
          nicolae_ru_sacrificial_ziggurat, general_overflow_altar,
          eino_tiny_chamber, grunt_ministairs_12
D:4:      layout_cave_pools, nicolae_overflow_crystal_walls
D:5:      layout_loops_corners, minmay_temple_entry_statues_pillars,
          serial_shops, shop, shop, nicolae_shop_bloodbath_and_beyond,
          kennysheep_mini_moat, nicolae_stop_n_shop_2, nrook_loot_triangle,
          minmay_a_box_with_orc_wizards_in_it, uniq_edmund
D:6:      layout_loops_corners, uniq_menkaure, uniq_maggie
D:7:      layout_gridville, solitary_fountain
D:8:      layout_basic, enter_bailey_3, serial_undead, serial_undead_f,
          serial_undead_b, serial_undead_e, serial_undead_d
Bailey:   bailey_axe_froggy_fort_hellmonk, bailey

Skill      XL: |  1  2  3  4  5  6  7  8  9 10 |
---------------+-------------------------------+-----
Fighting       | 4 5 |  5.2
Axes           | 4 5 6 8 9 12 | 12.8
Armour         | 3 4 5 7 9 11 12 | 12.5
Dodging        | 3 4 |  4.0

Action                   |  1- 3 |  4- 6 |  7- 9 | 10-12 || total
-------------------------+-------+-------+-------+-------++-------
Melee: Hand axe          |    79 |    98 |   143 |    54 ||   374
       Headbutt          |     6 |    22 |    57 |    12 ||    97
       Punch             |     1 |     1 |     2 |       ||     4
       War axe           |       |    17 |   142 |       ||   159
Invok: Berserk           |       |     3 |     5 |     1 ||     9
       Brothers in Arms  |       |       |       |     1 ||     1
  Use: Scroll            |     5 |     4 |     9 |       ||    18
       Potion            |       |       |       |     2 ||     2
Armor: Animal skin       |     5 |       |       |       ||     5
       Chain mail        |    33 |    59 |    72 |       ||   164
       Plate armour      |       |       |    84 |    38 ||   122
Dodge: Dodged            |    38 |    33 |   114 |    23 ||   208
